AoeStats
← kV0t3

Arabia

508798497Analyzed
1v1 RM · 8d ago on Sep 24, 2026· 35m 8s· 2 players
Game mode
Random Map
Map size
Tiny (2 player)
Population
200
Speed
Normal
Resources
Standard
Victory
Conquest
Starting age
Dark Age
Ending age
Imperial Age
RankedLock teamsTeams togetherTeam positionsShared explorationLock speedFull tech treeHidden civsTurbo modeCheats
Victory
Defeat
🇦🇷 Maya · Argentina
1238
+16
🇲🇽 Maya · Mexico
1245
-16
kV0t3
0:26 Loom
10:09 Feudal Age
10:37 Double-Bit Axe
13:09 Wheelbarrow
23:54 Castle Age
22:16 Gold Mining
22:35 Fletching
22:46 Padded Archer Armor
23:23 Padded Archer Armor
24:48 Bow Saw
24:04 Crossbowman
25:12 Bodkin Arrow
26:29 Ballistics
27:31 Leather Archer Armor
27:34 Horse Collar
31:08 Thumb Ring
Mandrake__02
0:26 Loom
10:42 Feudal Age
10:47 Man-at-Arms
11:41 Double-Bit Axe
15:21 Fletching
23:21 Castle Age
24:01 Wheelbarrow
23:47 Padded Archer Armor
23:31 Crossbowman
24:17 Bodkin Arrow
26:43 Horse Collar
27:14 Bow Saw
28:21 Ballistics
32:35 Thumb Ring
Connection lost

Rejoining the realm…

Still unreachable

The connection could not be restored.

Session expired

The server has moved on; the page needs a fresh start.